 Dungeon Crawl Stone Soup version 0.22.1-1-ga44c0e5 (webtiles) character file.

182 dohliylev the Sneak (level 5, -3/35 HPs)
             Began as a Vampire Enchanter on Sept 26, 2018.
             Slain by an orc priest (6 damage)
             ... on level 3 of the Dungeon.
             The game lasted 00:12:43 (2893 turns).

dohliylev the Sneak (Vampire Enchanter)             Turns: 2893, Time: 00:12:44

Health: -3/35      AC:  3    Str:  4 (7)  XL:     5   Next: 35%
Magic:  2/8        EV: 13    Int: 18 (19) God:
Gold:   117        SH:  0    Dex: 11 (14) Spells: 6/8 levels left

rFire    . . .     SeeInvis +   a - +1 dagger
rCold    . . .     Gourm    .   (no shield)
rNeg     + . .     Faith    .   b - +1 robe
rPois    .         Spirit   .   (helmet restricted)
rElec    .         Reflect  .   (no cloak)
rCorr    .         Harm     .   (no gloves)
MR       .....                  (no boots)
Stlth    +++.......             (no amulet)
HPRegen  0.11/turn              (no ring)
MPRegen  0.11/turn              (no ring)

@: about to teleport
A: antennae 1, fangs 3, see invisible, unbreathing
a: Bat Form


You were on level 3 of the Dungeon.
You were not thirsty.

You visited 1 branch of the dungeon, and saw 3 of its levels.

You collected 117 gold pieces.

Inventory:

Hand Weapons
 a - a +1 dagger (weapon)
Armour
 b - a +1 robe (worn)
Jewellery
 j - an uncursed ring of flight {unknown}
Scrolls
 c - a scroll of enchant armour
 e - a scroll of amnesia
 f - 2 scrolls of remove curse
 i - a scroll of teleportation
 m - a scroll of blinking
Potions
 d - 2 potions of blood
 h - a potion of agility


   Skills:
 + Level 3.4 Short Blades
 + Level 3.5 Dodging
 - Level 6.0 Stealth
 - Level 2.0 Spellcasting
 - Level 5.3 Hexes
 - Level 0.2 Ice Magic


You had 6 spell levels left.
You knew the following spells:

 Your Spells              Type           Power        Failure   Level  Hunger
b - Ensorcelled Hibernat  Hex/Ice        ##....       9%          2    ###....

Your spell library contained the following spells:

 Spells                   Type           Power        Failure   Level  Hunger
 Corona                   Hex            ###....      1%          1    #......
 Confuse                  Hex            ###.....     6%          3    ###....
 Tukima's Dance           Hex            ###.....     6%          3    ###....
 Dazzling Spray           Conj/Hex       ##....       19%         3    ###....


Dungeon Overview and Level Annotations

Branches:
Dungeon (3/15)

Altars:
Sif Muna


Innate Abilities, Weirdness & Mutations

You have razor-sharp teeth.
You have supernaturally acute eyesight. (SInv)
You can survive without breathing.
You have a pair of small antennae on your head.


Message History

The rat completely misses you.
You hit the rat.
You kill the rat!
The orc priest casts a cantrip, but nothing happens.
The orc priest mumbles some strange prayers to Beogh against you.
Beogh smites you!
The orc priest mumbles some strange prayers to Beogh against you.
You struggle to resist.
The orc priest shouts!
The orc priest mumbles some strange prayers to Beogh against you.
Beogh smites you!
* * * LOW HITPOINT WARNING * * *
The orc priest looks braver for a moment.
The orc priest casts a cantrip, but nothing happens.
It was a potion of degeneration.
There was something very wrong with that liquid.
You feel weakened.
You feel dopey.
You feel clumsy.
As you read the scroll of teleportation, it crumbles to dust.
You feel strangely unstable. The orc priest hits you.
You die...

#.#######.#........#.#
#.#####(#.#.......##.#
#.#.....#.#.......##.#
#.#.###.#.#.......##.###
#.#.#.......##########.##.
#.#.#..##.############.##.
#.#.#..##.# .(...........
#.#.#..##.# ...........†.
#.#.#####@# .......<.....
#.#.# #o############....
#.#.#####.##......# #####
#.......#o##......# ### #
#.#.###.#.........# #..
###.###.##..o########†###
#..
#.......##....{.........#
#..
######...#....###o..#.#.#
#..
#.........o.o...+.#+####..


You could see 3 orc priests.

Vanquished Creatures
  A howler monkey (D:2)
  An orc priest (D:3)
  5 adders
  An ooze (D:3)
  3 worms
  2 dart slugs
  2 leopard geckos (D:1)
  6 orcs
  A ball python (D:1)
  A giant cockroach (D:3)
  2 goblins (D:2)
  4 hobgoblins
  3 jackals
  A quokka (D:2)
  3 bats
  A frilled lizard (D:1)
  7 kobolds
  6 rats
50 creatures vanquished.

Notes
Turn   | Place    | Note
-------+----------+-------------------------------------------
     0 | D:1      | dohliylev the Vampire Enchanter began the quest for the
                  | Orb.
     0 | D:1      | Reached XP level 1. HP: 13/13 MP: 3/3
   207 | D:1      | Reached skill level 5 in Stealth
   207 | D:1      | Reached XP level 2. HP: 16/19 MP: 3/5
   211 | D:1      | Learned a level 2 spell: Ensorcelled Hibernation
   675 | D:2      | Noticed a howler monkey
   704 | D:2      | Killed a howler monkey
   704 | D:2      | Reached skill level 5 in Hexes
   704 | D:2      | Reached XP level 3. HP: 14/24 MP: 0/6
   913 | D:2      | Reached skill level 6 in Stealth
  1145 | D:2      | Found a deep blue altar of Sif Muna.
  1152 | D:2      | Reached XP level 4. HP: 30/30 MP: 2/7
  2385 | D:3      | Reached XP level 5. HP: 35/35 MP: 5/8
  2873 | D:3      | Gained mutation: You are dopey. (Int -2) [potion of
                  | mutation]
  2873 | D:3      | Lost mutation: You are dopey. (Int -2) [potion of mutation]
  2873 | D:3      | Gained mutation: You have a pair of small antennae on your
                  | head. [potion of mutation]
  2893 | D:3      | Slain by an orc priest

Skill      XL: |  1  2  3  4 |
---------------+-------------+-----
Stealth        | 5 6 |  6.0
Hexes          | 5 |  5.3
Short Blades   | 3 |  3.4
Dodging        | 3 |  3.5
Spellcasting   | |  2.0
Ice Magic      | |  0.2

Action                   |  1- 3 |  4- 6 || total
-------------------------+-------+-------++-------
Melee: Dagger            |    72 |    65 ||   137
       Bite              |     6 |     2 ||     8
 Cast: Corona            |     7 |       ||     7
       Ensorcelled Hiber |    12 |    25 ||    37
  Use: Potion            |       |     5 ||     5
       Scroll            |       |     8 ||     8
 Stab: Sleeping          |    10 |    21 ||    31
  Eat: Corpse            |     7 |     7 ||    14
Armor: Robe              |    10 |     5 ||    15
Dodge: Dodged            |    29 |    64 ||    93
